 Dungeon Crawl Stone Soup version 0.29-a0-506-ga2e7fffb44 (webtiles) character file.

Game seed: 4575792202869577779

242 benadryl the Ruffian (level 5, -4/50 HPs)
             Began as a Troll Transmuter on May 28, 2022.
             Slain by a gnoll
             ... wielding a +0 spear
              (5 damage)
             ... on level 4 of the Dungeon.
             The game lasted 00:05:16 (2501 turns).

benadryl the Ruffian (Troll Transmuter)             Turns: 2501, Time: 00:05:16

Health: -4/50      AC:  4    Str: 19 (20) XL:     5   Next: 81%
Magic:  12/14      EV:  9    Int:  7 (9)  God:
Gold:   179        SH:  0    Dex:  7 (10) Spells: 3/6 levels left

rFire   . . .      SeeInvis .     - Unarmed
rCold   . . .      Faith    .   (no shield)
rNeg    . . .      Spirit   .   a - +0 robe
rPois   .          Reflect  .   (helmet currently unavailable)
rElec   .          Harm     .   (no cloak)
rCorr   .          Rampage  .   (gloves unavailable)
Will    .....                   (boots unavailable)
Stlth   +.........              (no amulet)
HPRegen 0.96/turn               i - ring of magical power
MPRegen 0.14/turn               (no ring)

@: brilliant, appendages (expiring), wereblooded
A: horns 2, talons 2, large, unfitting armour, claws 3, regeneration 1, shaggy
fur 1, tough skin 1
a: End Transformation


You were on level 4 of the Dungeon.
You had temporarily grown beastly horns and talons.
You visited 1 branch of the dungeon, and saw 4 of its levels.

You collected 179 gold pieces.

Inventory:

Missiles
 m - 5 curare-tipped darts (quivered)
Armour
 a - a +0 robe (worn)
Jewellery
 i - a ring of magical power (left claw)
Scrolls
 j - a scroll of vulnerability {unknown}
 k - a scroll of poison
 l - a scroll of magic mapping {unknown}
Potions
 b - a potion of lignification
 d - 4 potions of curing {@q1}
 e - a potion of berserk rage
 f - a potion of haste
 h - a potion of flight {unknown}


   Skills:
 + Level 2.5 Fighting
 - Level 1.5 Dodging
 * Level 5.4 Unarmed Combat
 - Level 1.2 Spellcasting
 + Level 2.0 Transmutations


You had 3 spell levels left.
You knew the following spells:

 Your Spells              Type           Power      Damage    Failure   Level
a - Beastly Appendage     Tmut           8%         N/A       19%         1
b - Wereblood             Tmut           4%         N/A       26%         2

Your spell library contained the following spells:

 Spells                   Type           Power      Damage    Failure   Level
 Sandblast                Erth           0%         2d4       38%         1
 Blink                    Tloc           0%         N/A       54%         2
 Spider Form              Tmut/Pois      2%         N/A       63%         3
 Lesser Beckoning         Tloc           0%         N/A       77%         3
 Ozocubu's Armour         Ice            0%         N/A       77%         3
 Ice Form                 Ice/Tmut       2%         N/A       95%         4
 Manifold Assault         Tloc           0%         N/A       100%        5
 Ozocubu's Refrigeration  Ice            0%         4d5       100%        7


Dungeon Overview and Level Annotations

Branches:
Dungeon (4/15)
 Temple: D:4-7

Altars:
Sif Muna

Shops:
D:1 =*

Annotations:
D:4 Natasha


Innate Abilities, Weirdness & Mutations

You have temporarily grown beastly horns and talons.
You are too large for most types of armour.
You have claws for hands.
Your natural rate of healing is unusually fast.
You are covered in fur. (AC +1)
You have tough skin. (AC +1)


Message History

You are too injured to fight recklessly!
Casting: Beastly Appendage (safe; 16% risk of failure)
Confirm with . or Enter, or press ? or * to list all spells.
Your blood is infused with primal strength.
Natasha, Servant of Life and Death comes into view.
She is carrying a wand of flame (12).
The gnoll hits you from afar with a +0 spear.
The gnoll hits you with a +0 club. The gnoll hits you with a +0 whip.
Your transformation is almost over.
The gnoll barely misses you. The gnoll hits you with a +0 whip.
* * * LOW HITPOINT WARNING * * *
The gnoll barely misses you. The gnoll closely misses you.
The gnoll hits you with a +0 whip.
* * * LOW HITPOINT WARNING * * *
The gnoll hits you from afar with a +0 spear.
* * * LOW HITPOINT WARNING * * *
You feel better. The gnoll hits you with a +0 whip.
* * * LOW HITPOINT WARNING * * *
The gnoll hits you from afar with a +0 spear.
* * * LOW HITPOINT WARNING * * *
The gnoll hits you with a +0 club.
* * * LOW HITPOINT WARNING * * *
The gnoll closely misses you. The gnoll attacks as you move away!
The gnoll hits you with a +0 whip.
* * * LOW HITPOINT WARNING * * *
The gnoll attacks as you move away! The gnoll hits you with a +0 club.
* * * LOW HITPOINT WARNING * * *
It was a potion of degeneration.
There was something very wrong with that liquid.
You feel weakened.
You feel dopey.
You feel clumsy.
The gnoll hits you from afar with a +0 spear.
* * * LOW HITPOINT WARNING * * *
You feel better.
The gnoll hits you from afar with a +0 spear.
* * * LOW HITPOINT WARNING * * *
It was a potion of brilliance.
You feel clever all of a sudden. The gnoll hits you with a +0 whip.
* * * LOW HITPOINT WARNING * * *
The gnoll hits you from afar with a +0 spear.
You die...

# ..# .# .# #.# ...
+#+#.# ..###.. #.#.#
#.###.... .#.# .#
#.#..).# #.#.# #.# #
#.# #..# .#.#.#
#..#.... #hg#
#.#.#.# #.#.#.###gg#
+#.#.#.# .......@..#
#.#.#.#.#.#.#.###..#
.#.#.#.#..#.....#..#
#.#.#.#.#.###.#.#..#
.#.#.#.#.. #.#...##
#.#.#.#.#.###.###.#
.#.#.#.#..........#
#.#.#.#.#.#.#.#####
.#.#.#.#.#.#.#.#


You could see Natasha and 3 gnolls.

Vanquished Creatures
  An orc priest (D:4)
  Natasha (D:4)
  An orc wizard (D:4)
  Robin (D:2)
  5 gnolls
  An adder (D:2)
  4 worms
  3 dart slugs
  2 orcs
  6 endoplasms
  2 giant cockroaches (D:1)
  15 goblins
  8 hobgoblins
  3 jackals (D:2)
  2 quokkas
  3 ball pythons
  6 bats
  2 frilled lizards
  8 kobolds
  3 rats
77 creatures vanquished.

Vanquished Creatures (others)
  3 fungi (D:3)
  A plant (D:3)
4 creatures vanquished.

Grand Total: 81 creatures vanquished

Notes
Turn   | Place    | Note
-------+----------+-------------------------------------------
     0 | D:1      | benadryl the Troll Transmuter began the quest for the Orb.
     0 | D:1      | Reached XP level 1. HP: 18/18 MP: 1/1
   189 | D:1      | Reached skill level 1 in Fighting
   203 | D:1      | Reached XP level 2. HP: 23/27 MP: 2/2
   209 | D:1      | Found Hikala's One-of-a-Kind Rings.
   288 | D:1      | Found Yloelont's General Store.
   811 | D:2      | Reached XP level 3. HP: 29/33 MP: 3/3
   864 | D:2      | Reached skill level 4 in Unarmed Combat
  1175 | D:2      | Noticed Robin
  1195 | D:2      | Reached XP level 4. HP: 28/42 MP: 4/4
  1200 | D:2      | Killed Robin
  1547 | D:2      | Learned a level 2 spell: Wereblood
  1715 | D:3      | Found a shimmering blue altar of Sif Muna.
  1758 | D:3      | Found a faded altar of an unknown god.
  1766 | D:3      | Got Plato's Grimoire of Clay
  1886 | D:3      | Reached XP level 5. HP: 26/49 MP: 5/5
  2176 | D:3      | Reached skill level 5 in Unarmed Combat
  2398 | D:4      | Noticed Natasha
  2401 | D:4      | Killed Natasha
  2492 | D:4      | Noticed Natasha
  2499 | D:4      | HP: 2/50 [gnoll/+0 spear (3)]
  2501 | D:4      | Slain by a gnoll

Illustrated notes

Levels and vault maps discovered:
D:1:      zelgadis_glass_arrival_small, layout_basic, serial_shops,
          nicolae_lakefront_shop, nicolae_shop_unique_rings
D:2:      layout_loops_ring, minmay_pentomino_x4, uniq_robin
D:3:      layout_loops_ring, mainiacjoe_overflow_surrounded_room,
          shapermc_ecumenical_altar_rom_forum
D:4:      layout_basic, minmay_temple_entry_ruins, minmay_misc_feat_roman,
          uniq_natasha, uniq_blork_the_orc

Skill      XL: |  1  2  3  4  5 |
---------------+----------------+-----
Fighting       | 1 2 |  2.5
Unarmed Combat | 4 5 |  5.4
Transmutations | 2 |  2.0
Dodging        | |  1.5
Spellcasting   | |  1.2

Action                   |  1- 3 |  4- 6 || total
-------------------------+-------+-------++-------
Melee: Unarmed           |    91 |    69 ||   160
       Headbutt          |     4 |     4 ||     8
       Kick              |     1 |     4 ||     5
       Punch             |       |     1 ||     1
 Cast: Beastly Appendage |     3 |     4 ||     7
       Wereblood         |       |     1 ||     1
  Use: Scroll            |     1 |     3 ||     4
       Potion            |       |     4 ||     4
 Stab: Sleeping          |     1 |     1 ||     2
Armor: Robe              |    30 |    21 ||    51
Dodge: Dodged            |    48 |    22 ||    70

Table legend: (Time is in decaauts)
 A = Elapsed time spent in this place.
 B = Non-inter-level travel time spent in this place.
 C = Inter-level travel time spent in this place.
 D = Time resting spent in this place.
 E = Time spent auto-exploring this place.
 F = Levels seen in this place.
 G = Mean time per level.
                   A        B        C        D        E       F      G
               +--------+--------+--------+--------+--------+-----+--------+
         Total |   2486 |   2349 |    137 |    127 |   1794 |   4 |  621.5 |
       Dungeon |   2486 |   2349 |    137 |    127 |   1794 |   4 |  621.5 |
               +--------+--------+--------+--------+--------+-----+--------+

Top non-repeatable levels by time:
     D:3: 823 daAuts
     D:2: 808 daAuts
     D:1: 742 daAuts
     D:4: 112 daAuts
